 Dungeon Crawl Stone Soup version 0.26-a0-597-gb535b0901c (webtiles) character file.

Game seed: 3846708139698234153

59505 Fingolfin the Cleaver (level 14, -2/76 HPs)
             Began as a Vine Stalker Fighter on Sept 4, 2020.
             Was a High Priest of Okawaru.
             Slain by a sixfirhy (11 damage)
             ... on level 2 of the Orcish Mines.
             The game lasted 01:17:29 (15961 turns).

Fingolfin the Cleaver (Vine Stalker Fighter)       Turns: 15961, Time: 01:17:31

Health: -2/76      AC: 29    Str: 32      XL:     14   Next: 95%
Magic:  0/21       EV: 15    Int:  6 (8)  God:    Okawaru [*****.]
Gold:   2429       SH:  0    Dex: 14 (15) Spells: 13/13 levels left

rFire    . . .     SeeInvis .   b - +8 war axe of Governance {pain, *Noise +Inv rN+ Str+3}
rCold    + . .     Faith    +   (no shield)
rNeg     + . .     Spirit   +   X - +9 plate armour "Readwa Walo" {Rampage Str+4 Int+2}
rPois    .         Reflect  .   R - +2 helmet
rElec    .         Harm     .   s - +1 cloak
rCorr    .                      T - +2 pair of gloves
MR       ++++.                  (no boots)
Stlth    ..........             u - amulet of faith
HPRegen  1.02/turn              D - ring of protection from magic
MPRegen  0.17/turn              l - ring of protection from magic

@: heroism, finesse
A: fangs 3, blurry vision 1, cold resistance 1, deformed body, deterioration 1,
dopey 1, magic resistance 1, regeneration 2, screaming 1, strong 1, magic
shield, antimagic bite, no potion heal 3, rot immunity
a: Heroism, Finesse, Renounce Religion, Evoke Invisibility


You were on level 2 of the Orcish Mines.
You worshipped Okawaru.
Okawaru was extremely pleased with you.
You visited 4 branches of the dungeon, and saw 19 of its levels.
You also visited: Gauntlet and Ice Cave.

You collected 2429 gold pieces.

Inventory:

Hand Weapons
 a - the +9 longbow of Hell's Wrath {venom, +Blink rElec Stlth-}
   (Okawaru gifted it to you on level 1 of the Lair of Beasts)

   It poisons the ammo it fires.
   It insulates you from electricity.
   It lets you blink.
   It makes you less stealthy.
 b - the +8 war axe of Governance (weapon) {pain, *Noise +Inv rN+ Str+3}
   (You found it on level 8 of the Dungeon)

   In the hands of one skilled in necromantic magic, it inflicts extra damage on
   living creatures.
   It affects your strength (+3).
   It protects you from negative energy.
   It lets you turn invisible.
   It may make noises in combat.
 Q - a +4 scimitar of flaming
 S - a +6 battleaxe
Missiles
 g - 32 silver javelins (quivered)
 j - 359 arrows
 m - 39 boomerangs
 p - 4 boomerangs of dispersal
 r - 22 javelins
 t - 8 curare-tipped darts
 v - 54 poisoned darts
 Z - 2 atropa-tipped darts
Armour
 c - a +0 kite shield
 s - a +1 cloak (worn)
 F - a +0 tower shield
 J - +0 ice dragon scales
 P - a +2 crystal plate armour
 R - a +2 helmet (worn)
 T - a +2 pair of gloves (worn)
 X - the +9 plate armour "Readwa Walo" (worn) {Rampage Str+4 Int+2}
   (You found it on level 3 of the Lair of Beasts)

   It affects your strength (+4).
   It affects your intelligence (+2).
   It bestows one free step when moving towards enemies.
Jewellery
 l - a ring of protection from magic (right hand)
 o - an uncursed ring of ice
 q - an uncursed ring of fire
 u - an amulet of faith (around neck)
 x - an uncursed ring of positive energy
 D - a ring of protection from magic (left hand)
 N - an uncursed ring of flight
Wands
 f - a wand of paralysis (8)
 C - a wand of disintegration (7)
 G - a wand of acid (5)
 V - a wand of enslavement (11)
 Y - a wand of iceblast (34)
Scrolls
 h - 2 scrolls of magic mapping
 i - 2 scrolls of blinking
 k - 9 scrolls of remove curse
 n - 12 scrolls of teleportation
 y - 3 scrolls of immolation
 I - 6 scrolls of fear
 L - 3 scrolls of fog
 M - 7 scrolls of amnesia
 W - a scroll of identify
Potions
 d - 6 potions of might
 e - 14 potions of curing
 z - a potion of ambrosia
 A - 2 potions of lignification
 B - 2 potions of invisibility
 E - 3 potions of haste
 H - a potion of flight
 K - 2 potions of resistance
 O - a potion of mutation
Miscellaneous
 w - a tin of tremorstones (3/3)
 U - a phantom mirror


   Skills:
 + Level 9.8(14.8) Fighting
 - Level 10.0(15.0) Axes
 - Level 8.0(13.0) Bows
 - Level 8.0(13.0) Throwing
 + Level 7.3(12.3) Armour
 + Level 7.3(12.3) Dodging
 - Level 6.0(11.0) Stealth
 - Level 5.0(10.0) Shields
 - Level 8.0 Invocations
 - Level 8.0 Evocations


You had 13 spell levels left.
You didn't know any spells.
Your spell library contained the following spells:

 Spells                   Type           Power        Failure   Level
 Corona                   Hex            #......      96%         1
 Freeze                   Ice            #...         96%         1
 Magic Dart               Conj           #...         96%         1
 Summon Small Mammal      Summ           #...         96%         1
 Call Imp                 Summ           #.......     99%         2
 Corpse Rot               Necr/Air       N/A          99%         2
 Searing Ray              Conj           #.....       99%         2
 Slow                     Hex            #.......     99%         2
 Sublimation of Blood     Necr           #.........   99%         2
 Call Canine Familiar     Summ           #.......     100%        3
 Dazzling Flash           Conj/Hex       #.....       100%        3
 Frozen Ramparts          Ice            #.....       100%        3
 Inner Flame              Hex/Fire       #.......     100%        3
 Ozocubu's Armour         Ice            #.......     100%        3
 Portal Projectile        Hex/Tloc       #.....       100%        3
 Summon Guardian Golem    Hex/Summ       #.......     100%        3
 Cause Fear               Hex            #.........   100%        4
 Dispel Undead            Necr           #.......     100%        4
 Fulminant Prism          Conj/Hex       #.........   100%        4
 Hailstorm                Conj/Ice       #.......     100%        4
 Iskenderun's Mystic Bla  Conj/Tloc      #.......     100%        4
 Leda's Liquefaction      Hex/Erth       #.........   100%        4
 Summon Ice Beast         Ice/Summ       #.......     100%        4
 Summon Lightning Spire   Summ/Air       #.......     100%        4
 Agony                    Necr           #.......     100%        5
 Excruciating Wounds      Necr           #.........   100%        5


Dungeon Overview and Level Annotations

Branches:
Dungeon (10/15)            Temple (1/1) D:6            Lair (6/6) D:9
 Shoals (0/4) Lair:2        Snake (0/4) Lair:2        Slime (0/5) Lair:6
    Orc (2/2) D:10            Elf (0/3) Orc:2         IceCv (visited)
Gauntlet (visited)

Altars:
Ashenzari
Cheibriados
Dithmenos
Elyvilon
Fedhas
Gozag
Hepliaklqana
Kikubaaqudgha
Makhleb
Nemelex Xobeh
Okawaru
Qazlal
Ru
Sif Muna
Trog
Uskayaw
Vehumet
Wu Jian
Xom
Yredelemnul
Zin
The Shining One
Jiyva

Shops:
Orc:2 !!

Portals:
Hell: Lair:6

Annotations:
Lair:2 exclusion: 4 oklob plants


Innate Abilities, Weirdness & Mutations

You have razor-sharp teeth.
You heal very quickly.
When hurt, damage is shared between your health and your magic reserves.
Your bite disrupts and absorbs the magic of your enemies.
Potions cannot restore your health.
You are immune to rotting.
Scrolls take you a little longer to read.
Your flesh is cold resistant. (rC+)
Armour fits poorly on your strangely shaped body.
Your body sometimes deteriorates upon taking damage.
You are dopey. (Int -2)
You are resistant to hostile enchantments. (MR+)
You occasionally shout uncontrollably at your foes.
Your muscles are strong. (Str +2)


Message History

The ice devil is heavily wounded.
The bolt of acid hits the orc high priest!
The orc high priest is splashed with acid.
The acid corrodes the orc high priest!
The orc high priest is moderately wounded.
The bolt of acid hits the orc warrior!
The orc warrior is splashed with acid!
The orc warrior is severely wounded.
The bolt of acid misses the orc warrior.
The sixfirhy hits you! The sixfirhy shocks you!
Your body deteriorates!
You feel dopey. The sixfirhy hits you. The sixfirhy shocks you!
* * * LOW HITPOINT WARNING * * *
Your body deteriorates!
You feel dopey.
The sixfirhy hits you but does no damage.
The ice devil hits you but does no damage.
The sixfirhy hits you.
* * * LOW HITPOINT WARNING * * *
The sixfirhy shocks you!
You die...
Xom is highly amused!

#..#.#.).))#)#).#
..##...)#..).##.)
. ##...###...###.
##...## ##...###
##...## ##...##
##...## ##)..#
##...## ##...
##.#.## #.#
#..@## #. ##3#4#
# ## o§# .3o#
#§oo# # #...# #
#..(. # # #.#(
#.# ...


You could see an orc high priest (corroded), a sun demon (summoned), an ice
devil (corroded), a sixfirhy, 2 orc warriors and an orc priest.

Vanquished Creatures
  A frost giant (IceCv)
  An orc warlord (Orc:1)
  A minotaur (Gauntlet)
  An ice dragon (Orc:1)
  4 hydras
  Erica (D:8)
  Harold (Orc:1)
  A catoblepas (Lair:3)
  A two-headed ogre (D:8)
  A ghost crab (Gauntlet)
  2 death yaks
  A queen ant (Gauntlet)
  An orc high priest (Orc:2)
  A soul eater (Orc:2)
  Nergalle (Orc:1)
  Sonja (Orc:1)
  A sixfirhy (Lair:6)
  A wizard (Lair:6)
  The ghost of braks the Fighter, a novice OgFi of Qazlal (D:7)
  Pikel (D:9)
  2 orc knights
  3 orc sorcerers
  6 black mambas
  An ice statue (IceCv)
  A smoke demon (Lair:6)
  3 orange demons (Lair:6)
  3 cane toads
  6 rime drakes
  8 komodo dragons
  2 ice devils (Lair:6)
  A red devil (Lair:6)
  3 trolls
  23 polar bears
  7 blink frogs
  Prince Ribbit (D:7)
  A dream sheep (Lair:6)
  5 hippogriffs
  4 flying skulls (Gauntlet)
  41 yaks
  3 wyverns
  A basilisk (Lair:6)
  Grum (D:8)
  A steam dragon (Lair:3)
  8 wargs
  2 nagas (Lair:2)
  5 soldier ants (Gauntlet)
  10 water moccasins
  3 hell hounds (Lair:6)
  10 porcupines
  27 orc warriors
  12 black bears
  An ice beast (D:10)
  4 sky beasts
  12 ogres
  27 wolves
  6 centaurs
  A lemure (D:9)
  Blork the orc (D:5)
  11 crocodiles
  4 gnoll sergeants
  15 bullfrogs
  3 big kobolds
  A wyvern skeleton (D:7)
  4 scorpions
  13 wights
  2 electric eels (Lair:2)
  A howler monkey (D:8)
  A centaur zombie (D:9)
  A bullfrog zombie (D:5)
  4 jellies
  2 quasits
  10 hounds
  A bullfrog skeleton (D:4)
  3 gnoll shamans
  19 orc priests
  An iguana (D:9)
  16 orc wizards
  A centaur skeleton (D:6)
  3 worker ants
  A hound zombie (D:5)
  3 worker ant zombies
  21 gnolls
  12 adders
  A river rat (D:8)
  3 white imps
  2 ufetubi
  An ooze (D:4)
  An adder skeleton (D:9)
  2 worms
  5 leopard geckos
  73 orcs
  4 giant cockroaches
  6 goblins
  16 hobgoblins
  15 jackals
  16 kobolds
  9 quokkas
  2 ball pythons (D:5)
  6 bats
  8 frilled lizards
  3 jackal skeletons
  A jackal zombie (D:7)
  A quokka skeleton (D:6)
  3 rats
611 creatures vanquished.

Vanquished Creatures (collateral kills)
  2 wolves (IceCv)
2 creatures vanquished.

Vanquished Creatures (others)
  2 yaks (IceCv)
  2 wolves
  An orc wizard (Orc:1)
  An orc (Orc:1)
  45 fungi
  49 plants
100 creatures vanquished.

Grand Total: 713 creatures vanquished

Notes
Turn   | Place    | Note
-------+----------+-------------------------------------------
     0 | D:1      | Fingolfin the Vine Stalker Fighter began the quest for the
                  | Orb.
     0 | D:1      | Reached XP level 1. HP: 11/11 MP: 2/2
   203 | D:1      | Reached XP level 2. HP: 10/16 MP: 3/3
   593 | D:1      | You fall into a shaft and drop 1 floor!
   728 | D:1      | Reached XP level 3. HP: 21/21 MP: 4/4
   933 | D:2      | Found a shimmering altar of Xom.
   935 | D:2      | Found a shimmering altar of Xom.
   935 | D:2      | Found a sparkling altar of Nemelex Xobeh.
   944 | D:2      | Found a hide-covered altar of Uskayaw.
   944 | D:2      | Found a hazy altar of Hepliaklqana.
   944 | D:2      | Found a shimmering altar of Xom.
   966 | D:2      | Became a worshipper of Xom the Psychotic
  1056 | D:2      | XOM: silly message
  1065 | D:2      | XOM: give mutations
  1065 | D:2      | Gained mutation: Your body sometimes deteriorates upon
                  | taking damage. [Xom's mischief]
  1065 | D:2      | Gained mutation: You have sharp fingernails. [Xom's
                  | mischief]
  1071 | D:2      | Gained mutation: Your natural rate of healing is unusually
                  | fast. [Vine Stalker growth]
  1071 | D:2      | Reached XP level 4. HP: 23/26 MP: 5/5
  1266 | D:2      | You fall into a shaft and drop 1 floor!
  1322 | D:3      | Found an iron altar of Okawaru.
  1328 | D:3      | Fell from the grace of Xom
  1328 | D:3      | Became a worshipper of Warmaster Okawaru
  1414 | D:3      | XOM: 1-stop teleportation journey
  1496 | D:3      | XOM: enchant monster (bad)
  1518 | D:3      | Noticed an ogre
  1528 | D:3      | Killed an ogre
  1528 | D:3      | Reached skill level 5 in Fighting
  1528 | D:3      | Reached XP level 5. HP: 22/30 MP: 6/6
  1654 | D:3      | Noticed an angel
  1655 | D:3      | Found a glowing silver altar of Zin.
  2039 | D:4      | You fall into a shaft and drop 1 floor!
  2039 | D:5      | Entered Level 5 of the Dungeon
  2049 | D:5      | Reached * piety under Okawaru
  2049 | D:5      | Reached XP level 6. HP: 36/36 MP: 7/7
  2107 | D:5      | XOM: enchant monster (bad)
  2125 | D:5      | Noticed Blork the orc
  2134 | D:5      | Killed Blork the orc
  2138 | D:5      | XOM: 6-stop teleportation journey
  2282 | D:4      | Found a sacrificial altar of Ru.
  2417 | D:4      | Reached XP level 7. HP: 40/40 MP: 10/10
  2437 | D:4      | XOM: summons 4 hostile demons
  2556 | D:4      | Got a bloodstained falchion
  2557 | D:4      | Identified the +10 falchion of Laceration {speed, rElec MR-
                  | Int+2 Stlth+} (You found it on level 4 of the Dungeon)
  2811 | D:4      | Found a white marble altar of Elyvilon.
  2963 | D:4      | Got a faintly glowing quarterstaff
  2969 | D:4      | Identified the +6 quarterstaff of Qazlal's Hope {drain,
                  | rF+} (You found it on level 4 of the Dungeon)
  3081 | D:5      | Found an opulent altar of Gozag.
  3214 | D:5      | XOM: give mutations
  3214 | D:5      | Gained mutation: You are clumsy. (Dex -2) [Xom's mischief]
  3214 | D:5      | Gained mutation: Your muscles are strong. (Str +2) [Xom's
                  | mischief]
  3214 | D:5      | Gained mutation: Your spells are a little easier to cast,
                  | but a little less powerful. [Xom's mischief]
  3292 | D:5      | Found a burning altar of Makhleb.
  3585 | D:6      | Reached skill level 1 in Dodging
  3644 | D:6      | Reached ** piety under Okawaru
  3793 | D:6      | Gained mutation: You have razor-sharp teeth. [Vine Stalker
                  | growth]
  3793 | D:6      | Reached XP level 8. HP: 34/44 MP: 10/12
  3798 | D:6      | XOM: confusion
  3827 | D:6      | Found a radiant altar of Vehumet.
  3873 | D:6      | XOM: summons 2 hostile shadow creatures
  3981 | D:6      | Found a staircase to the Ecumenical Temple.
  3988 | Temple   | Entered the Ecumenical Temple
  4022 | Temple   | XOM: give mutations
  4022 | Temple   | Lost mutation: You are clumsy. (Dex -2) [Xom's mischief]
  4022 | Temple   | Gained mutation: Armour fits poorly on your strangely
                  | shaped body. [Xom's mischief]
  4160 | D:6      | Found a blossoming altar of Fedhas.
  4179 | D:6      | Found a stormy altar of Qazlal.
  4368 | D:6      | XOM: god gift: 52 gold pieces
  4394 | D:6      | Found a basalt altar of Yredelemnul.
  4422 | D:6      | XOM: give mutation
  4422 | D:6      | Gained mutation: Scrolls take you a little longer to read.
                  | [Xom's mischief]
  4437 | D:7      | Found a runed translucent door.
  4492 | D:7      | Noticed braks's ghost (novice OgFi)
  4496 | D:7      | Noticed Prince Ribbit
  4515 | D:7      | Killed Prince Ribbit
  4515 | D:7      | Reached *** piety under Okawaru
  4537 | D:7      | XOM: 1-stop teleportation journey
  4560 | D:7      | Reached skill level 1 in Throwing
  4598 | D:7      | Killed braks's ghost
  4598 | D:7      | Reached skill level 5 in Armour
  4598 | D:7      | Reached skill level 5 in Shields
  4598 | D:7      | Reached XP level 9. HP: 43/48 MP: 13/13
  4606 | D:7      | XOM: 1-stop teleportation journey
  4619 | D:7      | Reached **** piety under Okawaru
  4895 | D:7      | XOM: noise
  4969 | D:7      | Reached skill level 5 in Dodging
  5104 | D:7      | Identified the +1 robe of the Sturgeon {Regen+ Stlth+}
  5119 | D:7      | Reached skill level 5 in Throwing
  5338 | D:7      | XOM: god gift: shiny crystal plate armour {god gift}
  5591 | D:8      | Reached ***** piety under Okawaru
  5591 | D:8      | Reached skill level 1 in Stealth
  5596 | D:8      | XOM: 3-stop teleportation journey
  5597 | D:8      | Noticed Erica
  5616 | D:8      | Killed Erica
  5616 | D:8      | Reached XP level 10. HP: 19/53 MP: 9/14
  5873 | D:8      | XOM: polymorph gnoll -> river rat
  5985 | D:8      | Reached skill level 5 in Stealth
  6004 | D:8      | Noticed Grum
  6013 | D:8      | Killed Grum
  6056 | D:8      | Got an ichor-stained war axe
  6057 | D:8      | Identified the +8 war axe of Governance {pain, *Noise +Inv
                  | rN+ Str+3} (You found it on level 8 of the Dungeon)
  6127 | D:8      | Noticed a two-headed ogre
  6136 | D:8      | Killed a two-headed ogre
  6136 | D:8      | Received a gift from Okawaru
  6136 | D:8      | Reached skill level 2 in Axes
  6199 | D:8      | Found an ornate altar of the Wu Jian Council.
  6220 | D:8      | XOM: give mutations
  6220 | D:8      | Gained mutation: You are dopey. (Int -2) [Xom's mischief]
  6220 | D:8      | Gained mutation: You are resistant to hostile enchantments.
                  | (MR+) [Xom's mischief]
  6220 | D:8      | Gained mutation: Scrolls take you longer to read. [Xom's
                  | mischief]
  6534 | D:8      | Reached skill level 3 in Axes
  6685 | D:7      | Found a snail-covered altar of Cheibriados.
  6686 | D:7      | Got an encrusted war axe
  6692 | D:7      | Identified the +11 war axe of Floods {antimagic, rF+
                  | Stlth+} (You found it on level 7 of the Dungeon)
  6808 | D:9      | XOM: summons 1 hostile shadow creature
  6879 | D:9      | Reached skill level 1 in Evocations
  6880 | D:9      | XOM: confusion (+ monsters)
  7047 | D:9      | Reached skill level 4 in Axes
  7090 | D:9      | XOM: give mutations
  7090 | D:9      | Lost mutation: Your muscles are strong. (Str +2) [Xom's
                  | mischief]
  7090 | D:9      | Gained mutation: You occasionally shout uncontrollably at
                  | your foes. [Xom's mischief]
  7147 | D:9      | Reached XP level 11. HP: 53/60 MP: 15/15
  7191 | D:9      | XOM: give mutation
  7191 | D:9      | Lost mutation: Scrolls take you longer to read. [Xom's
                  | mischief]
  7246 | D:9      | Reached skill level 5 in Axes
  7327 | D:9      | Found a staircase to the Lair.
  7346 | D:9      | Noticed Pikel
  7358 | D:9      | Killed Pikel
  7358 | D:9      | Reached skill level 5 in Invocations
  7613 | D:10     | Entered Level 10 of the Dungeon
  7680 | Lair:1   | Entered Level 1 of the Lair of Beasts
  7788 | Lair:1   | Received a gift from Okawaru
  7788 | Lair:1   | Reached skill level 5 in Evocations
  7799 | Lair:1   | Got a pitted falchion
  7800 | Lair:1   | Identified the cursed +0 falchion "Xipoty" {pain, +Inv rF+
                  | rC+} (You found it on level 1 of the Lair of Beasts)
  7984 | Lair:1   | Received a gift from Okawaru
  7985 | Lair:1   | Got a buzzing longbow {god gift}
  7991 | Lair:1   | Identified the +9 longbow of Hell's Wrath {venom, +Blink
                  | rElec Stlth-} (Okawaru gifted it to you on level 1 of the
                  | Lair of Beasts)
  8025 | Lair:1   | Was forgiven by Xom
  8687 | Lair:2   | Found a staircase to the Snake Pit.
  8811 | Lair:2   | Reached skill level 6 in Axes
  8820 | Lair:2   | Received a gift from Okawaru
  8820 | Lair:2   | Gained mutation: You heal very quickly. [Vine Stalker
                  | growth]
  8820 | Lair:2   | Reached XP level 12. HP: 6/64 MP: 2/17
  9049 | Lair:2   | Found a staircase to the Shoals.
  9124 | Lair:2   | Received a gift from Okawaru
  9136 | Lair:2   | Received a gift from Okawaru
  9136 | Lair:2   | Reached skill level 7 in Axes
  9686 | Lair:3   | Got a spiked plate armour
  9704 | Lair:3   | Identified the +9 plate armour "Readwa Walo" {Rampage Str+4
                  | Int+2} (You found it on level 3 of the Lair of Beasts)
  9769 | Lair:3   | Noticed a catoblepas
  9781 | Lair:3   | Killed a catoblepas
  9781 | Lair:3   | Reached skill level 1 in Bows
  9876 | Lair:3   | Received a gift from Okawaru
  9877 | Lair:3   | Reached ****** piety under Okawaru
  9892 | Lair:3   | Reached skill level 8 in Axes
  9897 | Lair:3   | Received a gift from Okawaru
 10562 | Lair:4   | Received a gift from Okawaru
 10960 | Lair:4   | Received a gift from Okawaru
 11335 | Lair:5   | Reached skill level 5 in Bows
 11337 | Lair:5   | Noticed a six-headed hydra
 11346 | Lair:5   | Killed a three-headed hydra
 11346 | Lair:5   | Received a gift from Okawaru
 11346 | Lair:5   | Reached skill level 9 in Axes
 11444 | Lair:5   | Reached XP level 13. HP: 68/68 MP: 18/18
 12024 | Lair:6   | Entered Level 6 of the Lair of Beasts
 12024 | Lair:6   | Found a gate leading to a gauntlet.
 12029 | Gauntlet | Entered a Gauntlet
 12029 | Gauntlet | Found a transporter.
 12029 | Gauntlet | Found a transporter.
 12037 | Gauntlet | Found a transporter.
 12041 | Gauntlet | Found a transporter.
 12049 | Gauntlet | Found a transporter.
 12054 | Gauntlet | Found a transporter.
 12061 | Gauntlet | Found a transporter.
 12077 | Gauntlet | Found a transporter.
 12091 | Gauntlet | Found a transporter.
 12095 | Gauntlet | Found a transporter.
 12103 | Gauntlet | Found a transporter.
 12107 | Gauntlet | Found a transporter.
 12288 | Gauntlet | Lost mutation: You have sharp fingernails. [potion of
                  | mutation]
 12288 | Gauntlet | Lost mutation: Your spells are a little easier to cast, but
                  | a little less powerful. [potion of mutation]
 12288 | Gauntlet | Gained mutation: Your flesh is cold resistant. (rC+)
                  | [potion of mutation]
 12288 | Gauntlet | Gained mutation: Your muscles are strong. (Str +2) [potion
                  | of mutation]
 12310 | Gauntlet | Got a faintly glowing steel amulet
 12355 | Gauntlet | Noticed a minotaur
 12365 | Gauntlet | Killed a minotaur
 12365 | Gauntlet | Reached skill level 10 in Axes
 12461 | Lair:6   | Received a gift from Okawaru
 12575 | Lair:6   | Received a gift from Okawaru
 12577 | Lair:6   | Got a warped war axe {god gift}
 12578 | Lair:6   | Identified the +2 war axe of Fingolfin's Honour {vamp, rN+
                  | MR+ Dex-2} (Okawaru gifted it to you on level 6 of the Lair
                  | of Beasts)
 12682 | Lair:6   | Found a burning altar of Makhleb.
 12713 | Lair:6   | Found a gateway to Hell.
 12723 | Lair:6   | Identified the amulet of Neurosis {Acrobat *Corrode rC+
                  | rN+} (You found it in a Gauntlet)
 12858 | Lair:6   | Found a staircase to the Slime Pits.
 12945 | Lair:5   | Received a gift from Okawaru
 12947 | Lair:5   | Got a pair of pitted boots {god gift}
 12953 | Lair:5   | Identified the +2 pair of boots "Toesk" {Rampage *Corrode
                  | Int+6} (Okawaru gifted it to you on level 5 of the Lair of
                  | Beasts)
 13489 | D:10     | Found a staircase to the Orcish Mines.
 13939 | D:10     | Reached XP level 14. HP: 74/74 MP: 20/20
 14010 | Orc:1    | Entered Level 1 of the Orcish Mines
 14011 | Orc:1    | Noticed an orc warlord
 14035 | Orc:1    | Killed an orc warlord
 14060 | Orc:1    | Noticed Nergalle
 14132 | Orc:1    | Killed Nergalle
 14372 | Orc:1    | Noticed Sonja
 14374 | Orc:1    | Killed Sonja
 14501 | Orc:1    | Found a frozen archway.
 14540 | IceCv    | Entered an ice cave
 14636 | IceCv    | Received a gift from Okawaru
 15003 | IceCv    | Received a gift from Okawaru
 15098 | IceCv    | Noticed a frost giant
 15114 | IceCv    | Killed a frost giant
 15220 | Orc:1    | Noticed Harold
 15231 | Orc:1    | Killed Harold
 15495 | Orc:2    | Entered Level 2 of the Orcish Mines
 15632 | Orc:2    | Found a staircase to the Elven Halls.
 15814 | Orc:2    | Found Nizyce's Distillery.
 15818 | Orc:2    | Found Pemuqil's Distillery.
 15834 | Orc:2    | Received a gift from Okawaru
 15961 | Orc:2    | Slain by a sixfirhy

Illustrated notes

Levels and vault maps discovered:
D:1:      ebering_trefoil_twist, layout_rooms, kennysheep_nondescript,
          minmay_misc_feat_hallway, chequers_serial_rivers_room_a,
          chequers_serial_rivers_large_b
D:2:      layout_rooms, doesnt_xom_only_xom
D:3:      minmay_octagon_keep, layout_basic, old_standard_altar, zin_angel,
          chequers_serial_rivers_micro_e, chequers_serial_rivers_micro_a
D:4:      layout_loops_ring, kennysheep_mini_moat,
          nicolae_overflow_crystal_walls
D:5:      layout_basic, nicolae_gozag_seed_capital, lightli_temple_of_fire,
          uniq_blork_the_orc
D:6:      layout_loops_ring, grunt_temple_overflow_forces_of_nature,
          marbit_many_paths, lemuel_doored_altar, minmay_temple_entry_arrows
D:7:      kennysheep_housing_project, layout_cave_pools,
          nicolae_overflow_hidden_temple, hellmonk_ghost_happy_afterlife,
          uniq_prince_ribbit1
D:8:      layout_cave_pods, lemuel_round_altar, uniq_grum, uniq_erica
D:9:      layout_loops_ring, grunt_lair_entry_orc_guard_hut, uniq_pikel
D:10:     layout_long_grid, david_orc_2
Temple:   pf_slimified_temple
Lair:1:   beast_lair_carwin_large_4, layout_cave_pods, grunt_megastairs_1
Lair:2:   layout_regular_city, elwin_shoals_entry_rocks,
          minmay_snake_entry_guardpost_small, chequers_serial_rivers_micro_d,
          grunt_megastairs_4, minmay_lair_oklob_chamber, serial_bayou_shore_a
Lair:3:   layout_regular_city, serial_bayou_shore_b, infiniplex_staircase_pool_2
Lair:4:   layout_regular_city, serial_bayou_shore_b, grunt_megastairs_2,
          lemuel_fruit_tree
Lair:5:   layout_regular_city, infiniplex_staircase_pool
Lair:6:   evil_forest, layout_long_grid, slime_dummy, gauntlet_entry_generic,
          chequers_serial_rivers_micro_e
Orc:1:    cheibrodos_orc_guarddog, layout_diamond_mine,
          portal_ice_cave_entry_animals_and_master, uniq_sonja, uniq_harold,
          uniq_nergalle
Orc:2:    pf_orc_diabolical, layout_caves, ebering_ghost_disaster_area,
          minmay_orc_keep, uniq_azrael

Skill      XL: |  1  2  3  4  5  6  7  8  9 10 11 12 13 14 |
---------------+-------------------------------------------+-----
Fighting       | 3 4 5 6 8 9 |  9.8
Invocations    | 3 4 6 8 |  8.0
Dodging        | 2 4 5 7 |  7.3
Shields        | 3 5 |  5.0
Armour         | 3 5 7 |  7.3
Throwing       | 2 6 7 8 |  8.0
Stealth        | 4 6 |  6.0
Axes           | 4 6 9 10 | 10.0
Evocations     | 2 6 8 |  8.0
Bows           | 5 8 |  8.0

Action                   |  1- 3 |  4- 6 |  7- 9 | 10-12 | 13-15 || total
-------------------------+-------+-------+-------+-------+-------++-------
Melee: Dagger            |    79 |    53 |       |       |       ||   132
       Bite              |    26 |    42 |    85 |   162 |   260 ||   575
       War axe           |       |     2 |       |   363 |   581 ||   946
       Spear             |       |    83 |    28 |       |       ||   111
       Falchion          |       |       |   247 |    48 |       ||   295
       Scimitar          |       |       |       |     4 |     3 ||     7
       Punch             |       |       |       |     3 |     6 ||     9
 Fire: Longbow           |       |       |       |    57 |    28 ||    85
Throw: Stone             |     3 |       |       |       |       ||     3
       Boomerang         |       |       |     3 |    10 |       ||    13
       Javelin           |       |       |       |     2 |     9 ||    11
Invok: Heroism           |       |     1 |     8 |    14 |    15 ||    38
       Finesse           |       |       |       |     3 |     8 ||    11
 Abil: Evoke Invisibilit |       |       |       |     2 |     3 ||     5
       Evoke Flight      |       |       |       |       |     2 ||     2
Evoke: Wand              |       |       |       |       |     2 ||     2
  Use: Scroll            |       |     2 |     2 |    11 |    11 ||    26
       Potion            |       |       |       |       |     9 ||     9
 Stab: Invisible         |       |       |       |     5 |    22 ||    27
Armor: Scale mail        |    16 |       |       |       |       ||    16
       Plate armour      |    12 |    66 |    69 |    60 |   206 ||   413
       Chain mail        |       |       |    36 |       |       ||    36
       Crystal plate arm |       |       |     8 |   215 |       ||   223
       Ice dragon scales |       |       |       |       |    70 ||    70
Dodge: Dodged            |    14 |    11 |    87 |   155 |   374 ||   641
Block: Kite shield       |    40 |    51 |   163 |   174 |       ||   428
       Buckler           |       |       |       |     1 |       ||     1
       Rpst.: Falchion   |       |       |    24 |     2 |       ||    26
       Scimitar          |       |       |       |       |     1 ||     1

Table legend: (Time is in decaauts)
 A = Elapsed time spent in this place.
 B = Non-inter-level travel time spent in this place.
 C = Inter-level travel time spent in this place.
 D = Time resting spent in this place.
 E = Time spent auto-exploring this place.
 F = Levels seen in this place.
 G = Mean time per level.
                   A        B        C        D        E       F      G
               +--------+--------+--------+--------+--------+-----+--------+
         Total |  15881 |  14865 |   1016 |   1149 |  10020 |  21 |  756.2 |
       Dungeon |   8296 |   7632 |    664 |    663 |   5191 |  10 |  829.6 |
        Temple |    103 |     85 |     18 |      0 |     83 |   1 |  103.0 |
          Lair |   5322 |   5014 |    308 |    289 |   3789 |   6 |  887.0 |
  Orcish Mines |   1189 |   1164 |     25 |     23 |    660 |   2 |  594.5 |
      Ice Cave |    618 |    618 |      0 |    114 |    129 |   1 |  618.0 |
      Gauntlet |    350 |    350 |      0 |     60 |    167 |   1 |  350.0 |
               +--------+--------+--------+--------+--------+-----+--------+

Top non-repeatable levels by time:
     D:8: 1189 daAuts
     D:7: 1042 daAuts
  Lair:2: 1026 daAuts
  Lair:1: 1009 daAuts
     D:9: 969 daAuts
  Lair:4: 934 daAuts
     D:6: 915 daAuts
     D:1: 835 daAuts
  Lair:5: 819 daAuts
   Orc:1: 786 daAuts
     D:3: 776 daAuts
  Lair:3: 766 daAuts
  Lair:6: 766 daAuts
     D:4: 764 daAuts
     D:5: 680 daAuts
